 Dungeon Crawl Stone Soup version 0.24.0-1-gfbc8707122 (webtiles) character file.

Game seed: 163518947180233897, levelgen mode: deterministic

1566 Aviak the Cleaver (level 8, 0/74 HPs)
             Began as a Hill Orc Gladiator on Oct 26, 2019.
             Slain by an ice beast (11 damage)
             ... on level 5 of the Dungeon.
             The game lasted 00:07:41 (4683 turns).

Aviak the Cleaver (Hill Orc Gladiator)              Turns: 4683, Time: 00:07:41

Health: 0/74       AC: 13    Str: 16 (17) XL:     8   Next: 90%
Magic:  8/8        EV:  6    Int:  9 (10) God:
Gold:   328        SH:  0    Dex: 11 (12) Spells: 7/7 levels left

rFire    + . .     SeeInvis .   a - +0 war axe
rCold    . . .     Gourm    .   (no shield)
rNeg     + . .     Faith    .   p - +0 plate armour
rPois    .         Spirit   .   c - +0 helmet
rElec    .         Reflect  .   (no cloak)
rCorr    .         Harm     .   (no gloves)
MR       .....                  (no boots)
Stlth    ..........             (no amulet)
HPRegen  0.22/turn              F - ring of protection from fire
MPRegen  0.11/turn              x - ring of positive energy

@: lethally poisoned (0 -> -1)
A: no striking features
a: no special abilities


You were on level 5 of the Dungeon.
You were very hungry.

You visited 1 branch of the dungeon, and saw 5 of its levels.

You collected 328 gold pieces.

Inventory:

Hand Weapons
 a - a +0 war axe (weapon)
 u - a +2 spear of venom
Missiles
 d - 3 throwing nets (quivered) {!f}
Armour
 b - a +0 leather armour
 c - a +0 helmet (worn)
 p - a +0 plate armour (worn)
Jewellery
 w - an uncursed ring of magical power
 x - a ring of positive energy (right hand)
 F - a ring of protection from fire (left hand)
Wands
 y - a wand of digging (6)
Scrolls
 h - 9 scrolls of identify {unknown}
 i - 10 scrolls of teleportation {unknown}
 j - 3 scrolls of amnesia {unknown}
 n - 3 scrolls of fog {unknown}
 o - 4 scrolls of remove curse {unknown}
 q - 2 scrolls of noise {unknown}
 r - a scroll of immolation {unknown}
 t - 2 scrolls of blinking {unknown}
 A - a scroll of random uselessness {unknown}
Potions
 e - a potion of curing {unknown}
 g - a potion of lignification {!q}
 k - a potion of haste
 l - a potion of agility {unknown}
 m - a potion of heal wounds {unknown}
 s - a potion of berserk rage {unknown}
 z - a potion of flight {unknown}
 B - a potion of degeneration {!q!q}
Comestibles
 f - 10 rations


   Skills:
 + Level 7.8 Fighting
 + Level 9.1 Axes
 - Level 1.7 Throwing
 + Level 6.0 Armour
 - Level 3.2 Dodging


You had 7 spell levels left.
You didn't know any spells.
Your spell library was empty.

Dungeon Overview and Level Annotations

Branches:
Dungeon (5/15)
 Temple: D:4-7

Altars:


Message History

You closely miss the ice beast.
You feel sick.
The ice beast hits you but does no damage.
You hit the ice beast.
The ice beast is lightly wounded.
The ice beast hits you but does no damage.
You hit the ice beast.
The ice beast is moderately wounded.
You feel sick. The ice beast completely misses you.
You hit the ice beast but do no damage.
The ice beast is moderately wounded.
The ice beast hits you but does no damage.
You closely miss the ice beast.
The ice beast is moderately wounded.
You feel sick. The ice beast hits you. The ice beast freezes you!
* * * LOW HITPOINT WARNING * * *
It was a potion of magic.
Magic courses through your body. The ice beast hits you.
* * * LOW HITPOINT WARNING * * *
The ice beast freezes you!
You die...

#.##.# #.##.# ##.......
#.##.### #.#.#.#.# #
##.##...# #..?........
.....##.# #..#.#.#.#.#
##.#.##.# #.#.......
#...##.## ##...#.#.#.#.
.##.#...###............
.. #.....).?..(.@# ..
#.#...###....)Y......
..
#.##.^..>......#####. .
#.##.######.##.# #.#
#.# .# ... ..# .# ##.
#..# .# ...# ..


You could see an ice beast.

Vanquished Creatures
  A water moccasin (D:5)
  An ice beast (D:5)
  A phantom (D:4)
  2 ogres (D:5)
  2 centaurs
  The ghost of Tiareth the Magician, an amateur DEWz (D:3)
  A water moccasin zombie (D:5)
  2 scorpions
  A howler monkey (D:5)
  A crimson imp (D:5)
  2 hounds
  An orc wizard (D:3)
  2 orc priests
  An iguana (D:2)
  3 worker ants
  Natasha (thrice) (D:3)
  A hound skeleton (D:4)
  4 gnolls
  13 adders
  An ooze (D:1)
  An adder skeleton (D:4)
  4 worms
  5 dart slugs
  4 leopard geckos
  16 orcs
  7 ball pythons
  9 bats
  6 giant cockroaches
  11 goblins
  8 hobgoblins
  6 jackals
  5 quokkas
  9 frilled lizards
  2 jackal skeletons
  9 kobolds
  A leopard gecko zombie (D:5)
  13 rats
160 creatures vanquished.

Vanquished Creatures (others)
  5 toadstools (D:1)
5 creatures vanquished.

Grand Total: 165 creatures vanquished

Notes
Turn   | Place    | Note
-------+----------+-------------------------------------------
     0 | D:1      | Aviak the Hill Orc Gladiator began the quest for the Orb.
     0 | D:1      | Reached XP level 1. HP: 18/18 MP: 1/1
    54 | D:1      | Reached XP level 2. HP: 24/25 MP: 2/2
   126 | D:1      | Reached XP level 3. HP: 15/31 MP: 3/3
   667 | D:1      | Reached XP level 4. HP: 24/38 MP: 4/4
   825 | D:2      | Reached skill level 5 in Axes
   917 | D:2      | Reached XP level 5. HP: 37/46 MP: 5/5
  1286 | D:2      | Reached skill level 1 in Armour
  1763 | D:3      | Reached skill level 6 in Axes
  1763 | D:3      | Reached XP level 6. HP: 52/53 MP: 6/6
  1841 | D:3      | Noticed Natasha
  1844 | D:3      | Killed Natasha
  1969 | D:3      | Reached skill level 5 in Fighting
  2326 | D:3      | Found a faded altar of an unknown god.
  2378 | D:3      | Noticed Natasha
  2383 | D:3      | Killed Natasha
  2383 | D:3      | Reached XP level 7. HP: 61/61 MP: 7/7
  2427 | D:3      | Found a runed translucent door.
  2560 | D:3      | Noticed Tiareth's ghost (amateur DEWz)
  2591 | D:3      | Killed Tiareth's ghost
  2881 | D:3      | Noticed Natasha
  2897 | D:3      | Killed Natasha
  2897 | D:3      | Reached skill level 7 in Axes
  3599 | D:4      | Reached XP level 8. HP: 71/71 MP: 8/8
  3829 | D:5      | Entered Level 5 of the Dungeon
  3864 | D:5      | Reached skill level 8 in Axes
  3915 | D:5      | Reached skill level 5 in Armour
  4664 | D:5      | Reached skill level 9 in Axes
  4683 | D:5      | Slain by an ice beast

Levels and vault maps discovered:
D:1:      ebering_hopf_link, layout_basic, minmay_misc_feat_tiny,
          minmay_gold_behind_fungi
D:2:      layout_rooms, minmay_divided_ellipse
D:3:      layout_loops_corners, ebering_ghost_sewer_d,
          chequers_ecumenical_altar_grove, uniq_natasha
D:4:      layout_rooms, grunt_ministairs_5, minmay_snake_closets
D:5:      layout_loops_ring, nicolae_overflow_crystal_walls, first_ration,
          kb_lookout_dungeons_type, hex_medium, minmay_starry_boxes

Skill      XL: |  1  2  3  4  5  6  7  8 |
---------------+-------------------------+-----
Fighting       | 3 4 5 6 7 |  7.8
Dodging        | 3 |  3.2
Axes           | 5 6 7 9 |  9.1
Armour         | 2 3 4 6 |  6.0
Throwing       | |  1.7

Action                   |  1- 3 |  4- 6 |  7- 9 || total
-------------------------+-------+-------+-------++-------
Melee: War axe           |    79 |   248 |   277 ||   604
  Use: Potion            |       |       |     7 ||     7
  Eat: Chunk             |       |     5 |     7 ||    12
Armor: Leather armour    |    36 |     8 |       ||    44
       Plate armour      |       |   187 |   174 ||   361
       Skin              |       |       |    21 ||    21
Dodge: Dodged            |    92 |   108 |    89 ||   289
